 Dungeon Crawl Stone Soup version 0.15-a0-1950-gbc841a2 (webtiles) character file.

709 plsno the Spear-Bearer (level 7, -4/50 HPs)
             Began as a Merfolk Gladiator on July 9, 2014.
             Was a Follower of Makhleb.
             Slain by a hill giant zombie (22 damage)
             ... on Level 5 of the Dungeon.
             The game lasted 00:12:08 (4409 turns).

plsno the Spear-Bearer (Merfolk Gladiator)          Turns: 4409, Time: 00:12:08

HP  -4/50        AC  6     Str 17      XL: 7   Next: 68%
MP   7/7         EV 18     Int  9      God: Makhleb [*.....]
Gold 70          SH  0     Dex 15      Spells:  0 memorised,  6 levels left

rFire  + . .     SeeInvis .     a - +0 trident
rCold  . . .     Clarity  .     m - +1 leather armour {rF+}
rNeg   . . .     rCorr    .     (no shield)
rPois  .         rRot     .     c - +0 helmet
rElec  .         Spirit   .     E - +0 cloak
SustAb .         Warding  .     (no gloves)
rMut   .         Stasis   .     (no boots)
Gourm  .                        v - amulet of rage
MR     .....                    G - +2 ring of evasion
                                t - ring of flight

@: not resistant to hostile enchantments, very unstealthy
A: change form in water, swift swim, strong 1
a: Renounce Religion, Evoke Berserk Rage, Evoke Flight


You were on level 5 of the Dungeon.
You worshipped Makhleb.
Makhleb was aware of your devotion.
You were not hungry.

You visited 2 branches of the dungeon, and saw 6 of its levels.

You collected 180 gold pieces.
You spent 110 gold pieces at shops.

Inventory:

Hand weapons
 a - a +0 trident (weapon)
 k - a +0 trident
Missiles
 x - 15 poisoned needles
Armour
 c - a +0 helmet (worn)
 d - a fire dragon hide
 m - a +1 leather armour of fire resistance (worn)
 E - a +0 cloak (worn)
Comestibles
 f - 4 bread rations
 g - 2 meat rations
 l - a rotting chunk of goblin flesh
 p - a beef jerky
 u - 5 fruits
Scrolls
 h - a scroll of amnesia
 j - 2 scrolls of fear
 q - a scroll of magic mapping {unknown}
 s - 6 scrolls of remove curse
 w - a scroll of enchant armour {unknown}
 y - 2 scrolls of teleportation {unknown}
 z - 3 scrolls of enchant weapon
 B - a scroll of recharging
Jewellery
 t - a ring of flight (left hand)
 v - an amulet of rage (around neck)
 C - an uncursed ring of ice
 D - an uncursed ring of wizardry
 G - a +2 ring of evasion (right hand)
Potions
 b - 3 potions of resistance {unknown}
 e - a potion of agility {unknown}
 i - a potion of haste {unknown}
 n - a potion of confusion {unknown}
 o - a potion of restore abilities
 r - 2 potions of curing
 A - a potion of brilliance
 H - a potion of invisibility {unknown}
Books
 F - a Young Poisoner's Handbook

   Spells                             Type                      Level
   Sting                              Conjuration/Poison           1
   Cure Poison                        Poison                       2
   Mephitic Cloud                     Conjuration/Poison/Air       3
   Olgreb's Toxic Radiance            Poison                       4
   Venom Bolt                         Conjuration/Poison           5


   Skills:
 - Level 2.1 Fighting
 * Level 10.3 Polearms
 - Level 2.0 Throwing
 + Level 7.5 Dodging


You had 6 spell levels left.
You didn't know any spells.

Dungeon Overview and Level Annotations

Branches:
Dungeon (5/15)             Temple (1/1) D:4

Altars:
Elyvilon
Gozag
Makhleb
Nemelex Xobeh
Sif Muna
Trog
Vehumet
Xom
Yredelemnul
Zin

Shops:
D:4 ?

Annotations:
D:5 Froboctopus' ghost, average FoSu


Innate Abilities, Weirdness & Mutations

You revert to your normal form in water.
You are very nimble and swift while swimming.
Your muscles are strong. (Str +2)


Message History

You hit the hill giant zombie.
The hill giant zombie closely misses you.
You hit the hill giant zombie. You hit the hill giant zombie.
The hill giant zombie misses you.
You hit the hill giant zombie. You hit the hill giant zombie.
The hill giant zombie hits you.
You puncture the hill giant zombie! You puncture the hill giant zombie!
The hill giant zombie barely misses you.
You puncture the hill giant zombie!
The hill giant zombie closely misses you.
You puncture the hill giant zombie! You hit the hill giant zombie.
The hill giant zombie hits you!
You hit the hill giant zombie but do no damage.
The hill giant zombie hits you!
You hit the hill giant zombie. You puncture the hill giant zombie!
The hill giant zombie hits you!
You hit the hill giant zombie. You hit the hill giant zombie.
The hill giant zombie hits you!!
You die...

#.# #.###
#.......######## #
##.#####.#
#.#.......############
#........#
#.#.......##....%....#
#.###.####
#.####.#####.######..#
#.# #.# #.# #...# #.#
##.# #.# #.# #.#
#..#####.#######.# #.#
#.# #.#
#.............##.# #.#
#.# #.#
#.######.####.##.# #.#
#.# #.# #@#
#......##.#
#.###.######.# #Z#
#.####..$..
.............###.# #.#
#.##..
..###............# #..
....... #.#####..###.#
#.####.###. #.#
#.....#.### #.# #.# .
#.# #...#.#...####.##
#.# W #.#
#.........#%.... ... .
#.. ........(..#....
... .


You could see a hill giant zombie.

Vanquished Creatures
  Edmund (D:4)
  A sky beast (D:5)
  2 ogres (D:4)
  A scorpion (D:3)
  Natasha (D:5)
  An iguana (D:5)
  2 worker ants (D:4)
  A hound zombie (D:5)
  6 adders
  A worm (D:3)
  2 adder skeletons (D:4)
  2 giant geckos
  An ooze (D:1)
  9 orcs
  3 ball pythons
  2 bat zombies (D:5)
  4 giant cockroaches
  2 gnoll zombies (D:2)
  9 goblins
  11 hobgoblins
  9 jackals
  5 kobolds
  3 quokkas
  8 bats
  2 giant newts
  9 rats
98 creatures vanquished.

Notes
Turn   | Place    | Note
--------------------------------------------------------------
     0 | D:1      | plsno, the Merfolk Gladiator, began the quest for the Orb.
     0 | D:1      | Reached XP level 1. HP: 16/16 MP: 1/1
   432 | D:1      | Reached XP level 2. HP: 22/22 MP: 2/2
   849 | D:2      | Reached skill level 5 in Polearms
   851 | D:2      | Reached XP level 3. HP: 12/27 MP: 3/3
  1150 | D:2      | Found a glowing silver altar of Zin.
  1288 | D:2      | Found a basalt altar of Yredelemnul.
  1628 | D:3      | Noticed a scorpion
  1646 | D:3      | Killed a scorpion
  1646 | D:3      | Reached skill level 6 in Polearms
  1646 | D:3      | Reached skill level 5 in Dodging
  1646 | D:3      | Reached XP level 4. HP: 18/33 MP: 2/4
  1647 | D:3      | Gained mutation: Your muscles are strong. (Str +2) [potion of beneficial mutation]
  1946 | D:3      | Reached skill level 7 in Polearms
  1946 | D:3      | Reached XP level 5. HP: 34/38 MP: 5/5
  2374 | D:4      | Noticed Edmund
  2411 | D:4      | Killed Edmund
  2411 | D:4      | Reached skill level 8 in Polearms
  2411 | D:4      | Reached XP level 6. HP: 25/44 MP: 6/6
  2697 | D:4      | Found a staircase to the Ecumenical Temple.
  2703 | Temple   | Entered the Ecumenical Temple
  2809 | Temple   | Became a worshipper of Makhleb the Destroyer
  2901 | D:4      | Noticed an ogre
  2910 | D:4      | Killed an ogre
  2910 | D:4      | Reached skill level 9 in Polearms
  3215 | D:4      | Found Ghaisk's Magic Scroll Shoppe.
  3228 | D:4      | Reached XP level 7. HP: 47/50 MP: 7/7
  3241 | D:4      | Acquired Makhleb's first power
  3245 | D:4      | Bought a scroll of remove curse for 30 gold pieces
  3245 | D:4      | Bought 3 scrolls of identify for 60 gold pieces
  3245 | D:4      | Bought a scroll of identify for 20 gold pieces
  3258 | D:4      | Noticed an ogre
  3267 | D:4      | Killed an ogre
  4011 | D:5      | Entered Level 5 of the Dungeon
  4050 | D:5      | Found a white marble altar of Elyvilon.
  4194 | D:5      | Reached skill level 10 in Polearms
  4271 | D:5      | Noticed Natasha
  4281 | D:5      | Killed Natasha
  4331 | D:5      | Noticed Froboctopus' ghost (average FoSu)
  4409 | D:5      | Slain by a hill giant zombie

Action                   |  1- 3 |  4- 6 |  7- 9 || total
-------------------------+-------+-------+-------++-------
Melee: Trident           |   144 |   184 |   115 ||   443
Throw: Throwing net      |       |     3 |     1 ||     4
 Abil: Evoke Flight      |     1 |       |     1 ||     2
       Evoke Berserk Rag |       |     2 |     1 ||     3
  Use: Potion            |     4 |     3 |       ||     7
       Scroll            |       |     3 |     5 ||     8
 Stab: Held in net/web   |       |     4 |       ||     4
  Eat: Chunk             |     2 |     6 |     5 ||    13
       Fruit             |       |     1 |       ||     1
